 Dungeon Crawl Stone Soup version 0.30-a0-949-g53dc5368d7 (webtiles) character file.

Game seed: 10287956364834084980

1082 mopl the Skirmisher (level 8, 0/56 HPs)
             Began as a Meteoran Hunter on Mar 27, 2023.
             Was a Believer of Hepliaklqana.
             Succumbed to an adder's poison
             ... on level 5 of the Dungeon.
             The game lasted 00:08:18 (1629 turns).

mopl the Skirmisher (Meteoran Hunter)               Turns: 1629, Time: 00:08:19

Health: 0/56       AC:  8    Str: 15    XL:     8   Next: 85%
Magic:  0/10       EV:  7    Int: 11    God:    Hepliaklqana [**....]
Gold:   213        SH:  0    Dex: 17    Spells: 7/7 levels left

rFire   . . .      SeeInvis +    a - +0 shortbow
rCold   . . .      Faith    .    (shield currently unavailable)
rNeg    . . .      Spirit   +    r - +0 chain mail
rPois   .          Reflect  .    (no helmet)
rElec   .          Rampage  .    (no cloak)
rCorr   .                        (no gloves)
Will    +....                    (no boots) Stlth
                                 f - amulet of guardian spirit
HPRegen 0.29/turn                v - ring of see invisible
MPRegen 0.12/turn                y - ring of flight

@: lethally poisoned (0 -> -3), attractive, flying, glowing
A: reduced essence, sense surroundings 1, otherworldly, glowing, explore regen
a: Renounce Religion, Recall Ancestor, Ancestor Identity


You were on level 5 of the Dungeon.
You worshipped Hepliaklqana.
Hepliaklqana was pleased with you.
You visited 2 branches of the dungeon, and saw 7 of its levels.

You collected 213 gold pieces.

Inventory:

Hand Weapons
 a - a +0 shortbow (weapon)
 u - the +4 mace of Ceon {holy, *Noise rCorr Str+9 Dex-3}
   (You found it on level 4 of the Dungeon)

   Str:       It affects your strength (+9).
   Dex:       It affects your dexterity (-3).
   *Noise:    It may make noises in combat.
   rCorr:     It protects you from acid and corrosion.
 x - a +0 dagger of venom
Armour
 r - a +0 chain mail (worn)
Jewellery
 f - an amulet of guardian spirit (around neck)
 v - a ring of see invisible (left hand)
 y - a ring of flight (right hand)
Wands
 t - a wand of digging (2)
Scrolls
 b - a scroll of immolation
 d - 7 scrolls of teleportation {unknown}
 g - 2 scrolls of amnesia {unknown}
 h - 2 scrolls of identify {unknown}
 i - a scroll of silence {unknown}
 j - 3 scrolls of blinking
 l - 2 scrolls of fear {unknown}
 m - a scroll of fog {unknown}
 n - a scroll of summoning {unknown}
 o - a scroll of enchant weapon {unknown}
 q - 2 scrolls of enchant armour {unknown}
 s - a scroll of poison {unknown}
 z - a scroll of brand weapon {unknown}
 A - a scroll of magic mapping {unknown}
Potions
 c - a potion of might {unknown}
 e - 2 potions of cancellation {unknown}
 k - a potion of degeneration {unknown}
 p - 3 potions of attraction
 w - a potion of brilliance {unknown}
 B - a potion of resistance {unknown}
 C - a potion of curing {unknown}
 D - a potion of haste {unknown}


   Skills:
 + Level 3.2 Fighting
 + Level 10.2 Ranged Weapons
 + Level 2.2 Armour
 + Level 3.4 Dodging
 - Level 0.6 Stealth
 + Level 2.4 Invocations


You had 7 spell levels left.
You didn't know any spells.
Your spell library was empty.

Dungeon Overview and Level Annotations

Branches:
Dungeon (6/15) Zot: 1983   Temple (1/1) D:6 Zot: 542

Altars:
Elyvilon
Hepliaklqana
Kikubaaqudgha
Makhleb
Qazlal
Ru
Sif Muna
Vehumet
Zin
The Shining One


Innate Abilities, Weirdness & Mutations

Your life essence is reduced to manifest your ancestor. (-10% HP)
You passively map a small area around you.
You are easily found by Zot.
You glow in the dark.
You regain HP and MP as you explore.


Message History

The troll barely misses hypermopl.
The troll claws hypermopl.
The troll claws hypermopl but does no damage.
The adder bites you but does no damage.
Found a scroll labelled TAAVO SOFROSTRY.
The troll bites something.
Something blocks the troll's attack. x2
The wraith hits the plant!
The plant begins to die.
The adder attacks as you move away! The adder bites you but does no damage.
The troll barely misses something. x2; The troll claws something.
Hypermopl has departed this plane of existence.
The adder attacks as you move away! The adder barely misses you. x2
The adder bites you.
* * * LOW HITPOINT WARNING * * *
There is a stone staircase leading up, spattered with blood here.
The adder bites you.
* * * LOW HITPOINT WARNING * * *
You fly upwards.
There is a stone staircase leading down here.
Unknown command.
Fire: a) +0 shortbow
Press: ? - help, Q - select action, (/) - cycle Shift-Dir - straight line, f - adder
Aim: an adder (51% to hit)
You shoot an arrow. The arrow closely misses the adder.
The adder bites you but does no damage. x2
Unknown command.
Fire: a) +0 shortbow
Press: ? - help, Q - select action, (/) - cycle Shift-Dir - straight line, f/p - adder
Aim: an adder (51% to hit)
You shoot an arrow. The arrow hits the adder.
The adder is lightly wounded.
The adder bites you.
* * * LOW HITPOINT WARNING * * *
You are lethally poisoned!
The adder poisons you! The adder barely misses you.
Fire: a) +0 shortbow
Press: ? - help, Q - select action, (/) - cycle Shift-Dir - straight line, f/p - adder
Aim: an adder (lightly wounded, 51% to hit)
Okay, then.
It was a potion of attraction.
You feel attractive to monsters.
You die...

.....###
##.#.....###.....
####.#
##................
#*
##.<....###########
#. * * ###...##..#
#. , .....#...## , ,
##. , , #.#....#.# ,
#.. ,,,,#...###..#
..##* * ...##S..## ,
,..# *...##@.###
*#.# *#.. #..## ,
#####<# ... #.## * ,
......###.#.#... ,
,, , ,
..........#.###. , ,
, ........###.###. *
* .................
...........## #.# #
.....#....####..##.#


You could see an adder.

Vanquished Creatures
  A wyvern (D:6)
  3 scorpions (D:4)
  A bullfrog (Temple)
  2 howler monkeys
  A jelly (D:5)
  A sleepcap (D:4)
  Natasha (D:3)
  2 iguanas (D:5)
  An orc wizard (D:4)
  2 adders
  A worm (D:2)
  A dart slug (D:3)
  3 orcs
  A bat (D:2)
  4 endoplasms
  2 giant cockroaches
  4 goblins
  6 hobgoblins
  3 kobolds
  3 quokkas
  2 ball pythons (D:2)
  A frilled lizard (D:3)
  A rat (D:1)
47 creatures vanquished.

Vanquished Creatures (collateral kills)
  2 centaurs
  2 hounds
  A sleepcap (D:5)
  2 iguanas
  2 orc wizards
  An adder (D:5)
  A shadow imp (D:5)
  A white imp (D:5)
  An ufetubus (D:5)
  2 orcs (D:6)
  A ball python (D:4)
  A bat (D:1)
  An endoplasm (D:4)
  A goblin (D:4)
  A quokka (D:4)
  2 kobolds
  A rat (D:1)
23 creatures vanquished.

Vanquished Creatures (others)
  2 knights (D:6)
  2 plants (D:6)
4 creatures vanquished.

Grand Total: 74 creatures vanquished

Notes
Turn   | Place    | Note
-------+----------+-------------------------------------------
     0 | D:1      | mopl the Meteoran Hunter began the quest for the Orb.
     0 | D:1      | Reached XP level 1. HP: 17/17 MP: 2/2
    18 | D:1      | Found a faded altar of an unknown god.
    26 | D:1      | Prayed at the altar of an unknown god.
    26 | D:1      | Became a worshipper of Hepliaklqana the Forgotten
    26 | D:1      | Reached * piety under Hepliaklqana
    90 | D:2      | Reached skill level 5 in Ranged Weapons
    90 | D:2      | Reached XP level 2. HP: 21/21 MP: 3/3
   306 | D:3      | Reached XP level 3. HP: 24/24 MP: 4/4
   367 | D:3      | Noticed Natasha
   371 | D:3      | Killed Natasha
   372 | D:3      | Reached XP level 4. HP: 20/32 MP: 5/5
   465 | D:2      | Found an ancient bone altar of Kikubaaqudgha.
   511 | D:1      | Reached skill level 6 in Ranged Weapons
   573 | D:1      | You fall into a shaft and drop 1 floor!
   828 | D:4      | Identified the +4 mace of Ceon {holy, *Noise rCorr Str+9
                  | Dex-3}
   833 | D:4      | Reached ** piety under Hepliaklqana
   842 | D:4      | Remembered your ancestor hypermopl as a knight
   887 | D:4      | Noticed a scorpion
   895 | D:4      | Killed a scorpion
   896 | D:4      | Reached XP level 5. HP: 31/36 MP: 6/6
   910 | D:4      | Reached skill level 7 in Ranged Weapons
   949 | D:4      | Reached XP level 6. HP: 43/43 MP: 7/7
   981 | D:4      | Reached skill level 8 in Ranged Weapons
  1000 | D:3      | You are sucked into a shaft and drop 3 floors!
  1014 | D:6      | Noticed a centaur
  1020 | D:6      | Killed a centaur
  1021 | D:6      | Reached XP level 7. HP: 20/49 MP: 2/8
  1073 | D:5      | Entered Level 5 of the Dungeon
  1205 | D:4      | Reached skill level 9 in Ranged Weapons
  1299 | D:4      | Reached XP level 8. HP: 33/54 MP: 9/9
  1362 | D:5      | Reached skill level 10 in Ranged Weapons
  1388 | D:5      | Found a stormy altar of Qazlal.
  1388 | D:5      | Found a glowing silver altar of Zin.
  1429 | D:5      | Found an ancient bone altar of Kikubaaqudgha.
  1461 | D:5      | Reached skill level 1 in Invocations
  1462 | D:5      | Reached skill level 1 in Armour
  1524 | D:6      | Noticed a troll
  1526 | D:6      | Reached skill level 3 in Dodging
  1531 | D:6      | Noticed a wyvern
  1539 | D:6      | Found a staircase to the Ecumenical Temple.
  1539 | D:6      | Noticed a wraith
  1548 | Temple   | Entered the Ecumenical Temple
  1614 | D:6      | HP: 1/55 [wyvern (6)]
  1615 | D:6      | Killed a wyvern
  1616 | D:6      | Reached skill level 3 in Fighting
  1616 | D:6      | Reached skill level 2 in Armour
  1616 | D:6      | Reached skill level 2 in Invocations
  1625 | D:6      | HP: 2/56 [adder (2)]
  1629 | D:5      | Succumbed to an adder's poison

Illustrated notes

Levels and vault maps discovered:
D:1:      mrwooster_arrival_arrow, layout_basic, serial_curves, eino_curves_02,
          eino_curves_01, eino_curves_01, eino_curves_04,
          ebering_ecumenical_altar_ruins
D:2:      layout_basic, basic_altar
D:3:      layout_loops_ring, dk_noncrumbling_3, hex_large, minivault_5,
          minmay_misc_feat_plants, minivault_23, uniq_natasha
D:4:      minmay_opposing_rooms, layout_loops_ring
D:5:      layout_rooms, mainiacjoe_overflow_six_doors_small,
          kennysheep_mini_moat, mainiacjoe_overflow_divided_tiny, serial_shops,
          nicolae_square_shop, serial_bayou_pond_b, amcnicky_mini_pool_medium,
          uniq_duvessa
D:6:      layout_layer_cave, minmay_temple_entry_gardened_gates,
          hangedman_decor_peaks_small, kennysheep_small_circle
Temple:   bh_familiar_temple

Skill      XL: |  1  2  3  4  5  6  7  8 |
---------------+-------------------------+-----
Ranged Weapons | 5 6 7 8 9 10 | 10.2
Invocations    | 2 |  2.4
Armour         | 2 |  2.2
Dodging        | 3 |  3.4
Fighting       | 3 |  3.2
Stealth        | |  0.6

Action                     |  1- 3 |  4- 6 |  7- 9 || total
---------------------------+-------+-------+-------++-------
   Fire: Shortbow          |    25 |    81 |   100 ||   206
 Invoke: Ancestor Identity |     1 |       |       ||     1
         Recall Ancestor   |       |     2 |     1 ||     3
         Ancestor Life: Kn |       |     1 |       ||     1
    Use: Scroll            |       |       |     1 ||     1
         Potion            |       |       |     1 ||     1
 Armour: Leather armour    |     3 |    15 |     2 ||    20
         Chain mail        |       |       |    32 ||    32
  Dodge: Dodged            |     1 |    30 |    30 ||    61

Table legend: (Time is in decaauts)
 A = Elapsed time spent in this place.
 B = Non-inter-level travel time spent in this place.
 C = Inter-level travel time spent in this place.
 D = Time resting spent in this place.
 E = Time spent auto-exploring this place.
 F = Levels seen in this place.
 G = Mean time per level.
                   A        B        C        D        E       F      G
               +--------+--------+--------+--------+--------+-----+--------+
         Total |   1674 |   1634 |     40 |      0 |     12 |   7 |  239.1 |
       Dungeon |   1616 |   1576 |     40 |      0 |     12 |   6 |  269.3 |
        Temple |     57 |     57 |      0 |      0 |      0 |   1 |   57.0 |
               +--------+--------+--------+--------+--------+-----+--------+

Top non-repeatable levels by time:
     D:2: 459 daAuts
     D:4: 398 daAuts
     D:5: 283 daAuts
     D:3: 185 daAuts
     D:1: 156 daAuts
     D:6: 133 daAuts
  Temple: 57 daAuts
